AoeStats
← Lady Malbec

MegaRandom

507570279Analyzed
2v2 RM · 13d ago on Sep 18, 2026· 41m 42s· 4 players
Game mode
Random Map
Map size
Medium (4 player)
Population
200
Speed
Normal
Resources
Standard
Victory
Conquest
Starting age
Dark Age
Ending age
Imperial Age
RankedLock teamsTeams togetherTeam positionsShared explorationLock speedFull tech treeHidden civsTurbo modeCheats
Victory
Defeat
🇦🇷 Japanese · Argentina
1169
+11
🇦🇷 Malians · Argentina
1154
+12
🇩🇪 Mongols · Germany
1079
-12
🇲🇽 Saracens · Mexico
1055
-11
germaniarturos
9:58 Feudal Age
13:58 Castle Age
12:03 Double-Bit Axe
12:01 Horse Collar
15:11 Loom
22:01 Pikeman
24:23 Wheelbarrow
25:26 Gold Mining
26:13 Bow Saw
26:05 Heavy Plow
26:51 Gold Shaft Mining
26:06 Stone Mining
27:50 Fletching
28:00 Padded Archer Armor
28:51 Hand Cart
28:21 Town Watch
28:42 Bodkin Arrow
29:39 Leather Archer Armor
30:00 Ballistics
31:24 Forging
31:19 Scale Barding Armor
32:23 Stone Shaft Mining
35:37 Imperial Age
33:07 Town Patrol
35:28 Iron Casting
34:59 Scale Barding Armor
35:45 Elite Mangudai
36:29 Bracer
36:35 Scale Barding Armor
37:31 Blast Furnace
36:54 Conscription
40:56 Chemistry
40:50 Chain Barding Armor
40:44 Bloodlines
40:35 Husbandry
39:55 Light Cavalry
40:02 Heavy Camel Rider
Joserro
0:34 Loom
10:38 Feudal Age
14:51 Castle Age
13:38 Double-Bit Axe
14:02 Horse Collar
14:43 Town Watch
27:50 Wheelbarrow
30:57 Imperial Age
28:43 Scale Mail Armor
28:53 Forging
28:49 Squires
28:14 Pikeman
29:02 Squires
29:35 Arson
31:21 Hand Cart
32:05 Conscription
32:11 Chain Mail Armor
32:06 Forging
33:13 Fletching
33:56 Padded Archer Armor
34:26 Plate Mail Armor
34:07 Forging
35:25 Chemistry
35:43 Bodkin Arrow
36:55 Ballistics
36:37 Bracer
36:11 Elite Skirmisher
Lady Malbec
0:31 Loom
10:17 Feudal Age
14:36 Castle Age
13:24 Town Watch
13:34 Double-Bit Axe
17:56 Wheelbarrow
17:48 Bloodlines
17:42 Husbandry
17:59 Gold Mining
18:20 Horse Collar
21:40 Scale Barding Armor
24:43 Sanctity
24:39 Bloodlines
26:33 Chain Barding Armor
26:57 Devotion
27:09 Fervor
30:29 Gold Shaft Mining
30:20 Hand Cart
31:16 Forging
34:28 Iron Casting
39:08 Imperial Age
39:12 Cavalier
40:28 Plate Barding Armor
Avimsil
0:28 Loom
9:46 Feudal Age
16:02 Castle Age
13:51 Double-Bit Axe
17:01 Husbandry
17:11 Bloodlines
18:27 Wheelbarrow
18:32 Horse Collar
21:48 Town Watch
23:51 Fletching
24:50 Sanctity
24:41 Fervor
25:03 Gold Mining
25:33 Bow Saw
25:53 Fishing Lines
27:19 Gold Shaft Mining
27:25 Heavy Plow
31:12 Imperial Age
29:27 Hand Cart
29:08 Bodkin Arrow
29:00 Crossbowman
30:34 Thumb Ring
31:01 Ballistics
30:42 Padded Archer Armor
31:00 Stone Mining
31:25 Devotion
32:04 Leather Archer Armor
33:01 Chemistry
32:22 Arbalester
34:05 Block Printing
34:26 Theocracy
34:04 Bracer
34:22 Siege Engineers
34:49 Masonry
34:54 Guard Tower
36:38 Conscription
36:01 Elite Skirmisher
38:22 Redemption
38:31 Treadmill Crane
40:19 Two-Man Saw
38:59 Capped Ram
Connection lost

Rejoining the realm…

Still unreachable

The connection could not be restored.

Session expired

The server has moved on; the page needs a fresh start.